Map: 어스름 탑

Players

llllllllllll (Scarlett) - Winner!

  • Race: Zerg Zerg
  • League: Grandmaster

SonGoku

  • Race: Terran Terran
  • League: Grandmaster

VOD

Have the link to the VOD?

Description

Time

  • Played on: April 13, 2016, 3:36 a.m.
  • Length: 12:48
Show
View Real Time Build Order
Export as new Build Order

llllllllllll Zerg - Winner!

Build Orders: Hatch First, Muta Ling Bane 

Get SALT Encoding   

  12  0:00  Drone  
  13  0:09  Drone  
  14  0:17  Overlord  
  14  0:24  Extractor, Drone  
  15  0:37  Drone x2  
  17  0:48  Drone  
  18  0:57  Hatchery  
  18  1:01  Drone  
  18  1:10  Spawning Pool  
  17  1:14  Drone  
  18  1:22  Drone  
  19  1:30  Drone  
  20  1:42  Drone  
  21  1:48  Hatchery  
  20  1:58  Queen  
  20  2:00  Overlord  
  22  2:09  Queen  
  22  2:13  Zergling x2  
  22  2:15  Zergling x2  
  26  2:18  Drone  
  27  2:23  Drone x2  
  29  2:35  Queen  
  31  2:38  Drone  
  31  2:43  Drone  
  33  2:45  Queen  
  33  2:46  Drone  
  36  2:52  Overlord  
  36  3:01  Drone x3  
  36  3:02  Queen  
  41  3:10  Overlord, Drone x2  
  41  3:11  Drone  
  44  3:14  Drone  
  44  3:15  Drone  
  46  3:22  Drone x3  
  46  3:24  Drone  
  50  3:29  Extractor x2, Drone  
  50  3:31  Extractor  
  48  3:35  Drone x2  
  48  3:38  Queen  
  48  3:39  Overlord  
  52  3:42  Drone  
  52  3:43  Drone  
  52  3:46  Drone  
  52  3:47  Drone  
  56  3:54  Zergling x4  
  58  3:56  Overlord x2  
  58  4:01  Drone  
  58  4:02  Drone x2  
  61  4:06  Drone  
  62  4:13  Metabolic Boost  
  62  4:16  Drone x6  
  68  4:24  Drone  
  68  4:25  Extractor, Drone x2  
  68  4:26  Spore Crawler  
  68  4:28  Drone  
  68  4:29  Drone x2  
  72  4:35  Evolution Chamber  
  72  4:36  Evolution Chamber  
  70  4:39  Baneling Nest  
  70  4:41  Drone x3  
  70  4:42  Drone  
  73  4:48  Drone x4  
  73  4:49  Drone  
  78  4:55  Lair  
  78  4:57  Drone x2  
  80  5:00  Drone x2  
  80  5:03  Overlord x2  
  80  5:05  Extractor x2  
  80  5:08  Spore Crawler  
  79  5:22  Drone x9  
  79  5:23  Drone x5  
  79  5:27  Zerg Ground Armor Level 1, Zerg Melee Weapons Level 1  
  93  5:34  Hatchery  
  92  5:53  Pneumatized Carapace, Centrifical Hooks  
  92  5:56  Spire, Zergling x2  
  92  5:57  Zergling x8  
  96  5:58  Hatchery, Baneling x4  
  96  5:59  Baneling  
  96  6:00  Baneling  
  96  6:02  Zergling x6  
  98  6:09  Overlord  
  98  6:10  Overlord x2  
  98  6:16  Baneling x3  
  98  6:17  Baneling x2  
  98  6:22  Overlord x2  
  98  6:23  Overlord x2  
  98  6:28  Zergling x16  
  106  6:35  Zergling x4  
  108  6:42  Zergling x8  
  112  6:49  Extractor  
  105  6:54  Extractor  
  101  7:01  Drone x2  
  101  7:02  Drone x4  
  101  7:05  Drone x6  
  110  7:09  Zerg Flyer Weapons Level 1  
  110  7:11  Infestation Pit  
  110  7:12  Overseer x2  
  110  7:13  Mutalisk x6  
  110  7:15  Baneling x10  
  123  7:21  Drone x3  
  123  7:22  Zerg Melee Weapons Level 2  
  126  7:23  Zergling x4  
  126  7:29  Zerg Ground Armor Level 2  
  126  7:31  Zergling x10  
  126  7:35  Drone  
  126  7:37  Mutalisk  
  132  7:38  Spore Crawler, Mutalisk  
  132  7:40  Zergling x6  
  132  7:42  Baneling x3  
  138  7:46  Zergling x8  
  138  7:47  Zergling x4  
  144  7:51  Spine Crawler  
  144  7:52  Baneling x8  
  144  7:53  Zergling x4  
  143  7:58  Drone  
  143  8:04  Drone  
  144  8:06  Zergling x20  
  144  8:14  Mutalisk  
  144  8:15  Mutalisk x4  
  149  8:22  Zergling x10  
  149  8:26  Hive  
  154  8:30  Spine Crawler, Baneling x7  
  154  8:34  Overlord x2  
  153  8:35  Overlord  
  153  8:36  Overlord  
  153  8:37  Overlord  
  153  8:38  Zergling x4  
  153  8:40  Baneling x3  
  153  8:41  Baneling x6  
  155  8:44  Zergling x6  
  155  8:47  Overlord x2  
  155  8:48  Overlord x2  
  158  8:52  Baneling x6  
  158  8:53  Mutalisk  
  158  8:55  Zergling x10  
  165  9:01  Zergling x14  
  171  9:12  Zergling x12  
  177  9:21  Zerg Flyer Armor Level 1  
  177  9:22  Zergling x14  
  182  9:33  Extractor  
  182  9:35  Zergling x14  
  182  9:37  Baneling x12  
  182  9:38  Baneling  
  188  9:43  Zergling x2  
  189  9:49  Overlord  
  189  9:59  Overlord  
  189  10:17  Adrenal Glands  
  189  10:18  Ultralisk Cavern  
  188  10:22  Overlord x2  
  188  10:38  Zergling x18  
  188  10:45  Zergling x2  
  188  10:46  Zergling x22  
  200  10:56  Spine Crawler  
  195  11:32  Zergling x14  
  155  11:33  Zergling x48  
  172  11:40  Ultralisk  
  172  11:41  Ultralisk  
  184  11:54  Spine Crawler, Spore Crawler  
  184  11:56  Spore Crawler  
  184  11:57  Spore Crawler  
  184  11:59  Mutalisk x3  
  184  12:01  Overseer  
  186  12:02  Extractor  
  186  12:03  Zergling x20  
  195  12:15  Zergling x2  
  195  12:16  Zergling x6  
Show
View Real Time Build Order
Export as new Build Order

SonGoku Terran 

Build Orders: Reaper Expand, Bio Mine 

Get SALT Encoding   

  12  0:00  SCV  
  13  0:13  SCV  
  14  0:18  Supply Depot  
  14  0:25  SCV  
  15  0:40  SCV  
  15  0:41  Barracks  
  16  0:46  Refinery  
  16  0:52  SCV  
  17  1:04  SCV  
  18  1:16  SCV  
  19  1:29  Orbital Command  
  19  1:30  Reaper  
  20  1:39  Command Center  
  20  1:49  Supply Depot  
  20  1:55  SCV  
  21  2:01  Marine  
  21  2:07  SCV  
  23  2:11  Factory  
  23  2:20  SCV  
  24  2:24  Barracks Reactor  
  24  2:32  SCV  
  25  2:37  Command Center  
  25  2:44  SCV  
  27  2:52  Orbital Command  
  26  3:06  SCV  
  26  3:10  Hellion x2  
  26  3:11  Barracks  
  26  3:12  Barracks Tech Lab  
  31  3:18  SCV x2  
  33  3:25  Refinery  
  33  3:30  SCV x2  
  33  3:32  Marine  
  33  3:33  Stimpack  
  36  3:42  Factory Reactor, SCV x2  
  36  3:47  Barracks  
  38  3:52  Orbital Command  
  38  3:54  SCV x2  
  40  3:56  Marine  
  41  4:06  SCV x2  
  41  4:08  Engineering Bay  
  41  4:09  Engineering Bay  
  42  4:12  Marine  
  42  4:16  Marine  
  44  4:17  Marine  
  44  4:18  SCV x2  
  47  4:26  SCV  
  47  4:27  Starport  
  47  4:28  Factory Reactor  
  47  4:30  Marine, SCV x2  
  51  4:34  Terran Infantry Weapons Level 1  
  51  4:35  Marine  
  51  4:38  SCV  
  53  4:40  Supply Depot  
  53  4:41  Marine x2  
  53  4:42  SCV  
  53  4:44  Marine  
  53  4:45  Terran Infantry Armor Level 1  
  57  4:50  Supply Depot  
  57  4:51  Marine  
  58  4:57  Marine  
  58  4:59  SCV  
  60  5:02  SCV  
  60  5:03  Refinery x2  
  60  5:04  Barracks, Marine  
  60  5:05  Marine  
  60  5:06  Barracks  
  63  5:11  Orbital Command  
  63  5:12  Marine  
  63  5:13  Marine, Factory Reactor  
  65  5:16  Supply Depot  
  65  5:18  SCV  
  65  5:19  SCV  
  65  5:20  Marine  
  70  5:22  Marine x2  
  70  5:30  SCV  
  70  5:31  SCV  
  70  5:32  Medivac x2, Supply Depot  
  76  5:36  Marine  
  76  5:38  SCV  
  76  5:42  Marine, SCV  
  78  5:43  Supply Depot  
  78  5:44  Supply Depot  
  78  5:46  SCV  
  78  5:48  Armory  
  79  5:50  Marine x2, SCV  
  79  5:53  Combat Shields  
  82  5:58  Barracks Reactor x2  
  82  5:59  Refinery  
  82  6:02  Widow Mine x2  
  82  6:03  Marine x2  
  88  6:05  Marine  
  88  6:07  SCV  
  88  6:08  SCV  
  91  6:16  SCV  
  91  6:17  Marine  
  91  6:18  Marine  
  94  6:20  Supply Depot  
  94  6:21  Marine x2  
  94  6:22  Supply Depot  
  94  6:23  Marine  
  97  6:25  Medivac x2  
  101  6:35  Marine x2  
  101  6:36  Marine x3, Widow Mine  
  101  6:39  Marine  
  109  6:41  Marine x2, Widow Mine, SCV x2  
  109  6:42  SCV  
  116  6:53  Marine  
  111  6:55  Marine x2  
  111  6:56  Marine x4  
  111  6:59  Marine  
  113  7:06  Marine  
  113  7:07  Medivac x2, Widow Mine  
  113  7:08  Terran Infantry Armor Level 2  
  118  7:09  SCV  
  118  7:11  Marine  
  118  7:13  Marine x2  
  122  7:20  SCV x2  
  122  7:21  Marine  
  125  7:25  Concussive Shells  
  125  7:26  Supply Depot  
  125  7:27  Marine x5, SCV  
  125  7:29  Marine  
  132  7:31  Marine  
  133  7:41  Supply Depot  
  133  7:42  Supply Depot  
  133  7:47  Marine x5  
  133  7:48  SCV x3  
  141  7:57  Marine  
  141  8:00  Marine  
  141  8:02  Marine x2  
  141  8:05  Marine x5  
  130  8:15  Marine  
  130  8:17  Marine, Widow Mine x2  
  130  8:18  Medivac x2  
  130  8:19  Marine  
  133  8:20  Marine  
  133  8:21  Barracks  
  133  8:23  Marine x2, Barracks  
  133  8:24  Barracks  
  133  8:26  Marine  
  128  8:28  Marine  
  128  8:31  Supply Depot  
  128  8:33  Marine x2  
  131  8:36  Missile Turret  
  131  8:37  Marine  
  131  8:38  Marine, Marauder, Factory  
  135  8:42  Marine  
  135  8:43  Marine  
  135  8:46  Widow Mine  
  135  8:48  Marine x2  
  141  8:51  Marine x2  
  143  8:55  Marine x2  
  143  8:59  Marauder, Marine, Widow Mine  
  143  9:01  Marine  
  146  9:06  Marine x2  
  153  9:12  Barracks Tech Lab x2  
  153  9:14  Widow Mine, Barracks Tech Lab  
  153  9:15  Missile Turret  
  153  9:16  Marine x2  
  156  9:17  Marine  
  156  9:21  Marauder  
  156  9:23  Factory Tech Lab  
  159  9:24  Medivac  
  159  9:25  Supply Depot  
  159  9:26  Medivac  
  159  9:28  Marine x2  
  159  9:30  Marine x2, Marauder  
  158  9:40  Marine, Marauder  
  158  9:41  Marauder  
  158  9:42  Marine x2  
  165  9:47  Marauder, Marine  
  165  9:49  Widow Mine x2  
  166  9:57  Supply Depot  
  166  9:59  Widow Mine  
  162  10:00  Drilling Claws  
  162  10:02  Terran Infantry Weapons Level 2  
  162  10:05  Medivac  
  161  10:13  Marine x2  
  160  10:19  Marine, Marauder  
  160  10:20  Marine  
  164  10:22  Marine  
  164  10:24  Marine  
  164  10:25  Marine  
  167  10:34  Marine  
  164  10:42  Marine x2  
  164  10:43  Widow Mine  
  164  10:48  Orbital Command  
  166  10:53  Marine  
  166  10:54  Marauder  
  166  10:56  Widow Mine  
  169  11:00  Marine  
  169  11:01  Missile Turret  
  169  11:03  Marauder  
  164  11:08  Missile Turret  
  164  11:11  Marine  
  165  11:13  Widow Mine  
  167  11:22  Marine x2  
  167  11:23  Marauder x2  
  116  11:32  Marine  
  116  11:33  Marauder  
  116  11:38  Marine x2  
  116  11:39  Marauder, Marine  
  107  11:44  Marauder  
  107  11:46  Widow Mine x2  
  107  11:47  Widow Mine  
  105  11:50  SCV x2  
  105  11:51  SCV  
  105  11:53  Marine x2  
  116  11:58  Marine  
  116  11:59  Marine, Marauder  
  120  12:04  Marine x2  
  120  12:05  Marine x2, Marauder  
  124  12:09  SCV  
  124  12:13  Marine x2  
  124  12:14  Marauder x2  
  127  12:18  Marine x2  
  127  12:21  Marauder  
  127  12:22  Marine x2  
  130  12:26  Marine x2  
  130  12:27  Marauder  
Tags
 
Add a new tag
Caveats
  • Supply blocks, unpowered buildings, or Contaminate may cause inaccurate times.
  • Supply counts are checked every 10 seconds.